 Dungeon Crawl Stone Soup version 0.29-a0-393-g47a863cc1b (webtiles) character file.

Game seed: 15335461058707546739

46 NinjaNoafa the Skirmisher (level 3, 33/33 HPs)
             Began as a Draconian Berserker on May 9, 2022.
             Was a Believer of Trog.
             Quit the game on level 2 of the Dungeon.
             The game lasted 00:03:06 (2039 turns).

NinjaNoafa the Skirmisher (Draconian Berserker)     Turns: 2039, Time: 00:03:07

Health: 33/33      AC:  5    Str: 24    XL:     3   Next: 46%
Magic:  3/3        EV: 12    Int:  7    God:    Trog [**....]
Gold:   105        SH:  0    Dex: 10    Spells: 2/2 levels left

rFire   . . .      SeeInvis .   m - +4 hunting sling "Qeasapuw" {freeze, Str+3}
rCold   . . .      Faith    .   (no shield)
rNeg    . . .      Spirit   .   (body armour unavailable)
rPois   .          Reflect  .   (helmet restricted)
rElec   .          Harm     .   (no cloak)
rCorr   .          Rampage  .   (no gloves)
Will    .....                   (no boots)
Stlth   +.........              (no amulet)
HPRegen 0.11/turn               (no ring)
MPRegen 0.08/turn               (no ring)

@: no status effects
A: AC +5, unfitting armour, cold-blooded
a: Renounce Religion, Berserk, Trog's Hand


You were on level 2 of the Dungeon.
You worshipped Trog.
Trog was pleased with you.
You visited 1 branch of the dungeon, and saw 2 of its levels.

You collected 105 gold pieces.

Inventory:

Hand Weapons
 a - a +0 hand axe
 m - the +4 hunting sling "Qeasapuw" (weapon) {freeze, Str+3}
   (You found it on level 2 of the Dungeon)

   Any ammunition fired from it freezes those it strikes, dealing additional
   cold damage.
   It can also slow down cold-blooded creatures.
   Str:       It affects your strength (+3).
Missiles
 f - 6 datura-tipped darts
 h - 86 stones
Jewellery
 o - an amulet of magic regeneration
Scrolls
 b - 4 scrolls of noise {unknown}
 c - a scroll of vulnerability {unknown}
 e - a scroll of fear {unknown}
 g - a scroll of amnesia {unknown}
 j - a scroll of teleportation {unknown}
 k - a scroll of enchant weapon {unknown}
 n - a scroll of identify {unknown}
 p - 3 scrolls of immolation {unknown}
Potions
 d - a potion of degeneration {unknown}
 i - 2 potions of might {unknown}
 l - a potion of curing {unknown}
 q - 2 potions of haste {unknown}


   Skills:
 + Level 3.7 Fighting
 + Level 3.4 Axes
 + Level 3.0 Dodging
 * Level 1.6 Shields


You had 2 spell levels left.
You didn't know any spells.
Your spell library was empty.

Dungeon Overview and Level Annotations

Branches:
Dungeon (2/15)

Altars:

Shops:
D:1 [=


Innate Abilities, Weirdness & Mutations

Your plain brown scales are hard. (AC +5)
You cannot fit into any form of body armour.
You are cold-blooded and may be slowed by cold attacks.


Message History

q - a silvery potion
Found a stone staircase leading up.
A frilled lizard comes into view.
Found 13 gold pieces.
A frilled lizard is nearby!
You shoot a sling bullet.
The sling bullet hits the frilled lizard.
The sling bullet freezes the frilled lizard.
You kill the frilled lizard!
Trog accepts your kill.
No target in view!
No target in view!
You now have 98 gold pieces (gained 6).
You now have 105 gold pieces (gained 7).
You see here a frilled lizard corpse.
b - 4 scrolls labelled WEORCH RELOHI (gained 3)
q - 2 silvery potions (gained 1)
p - 3 scrolls labelled SUCIUD VIRGH (gained 2)
A kobold comes into view. It is wielding a +0 dagger.
Found a robe.
A kobold is nearby!
You shoot a sling bullet.
The sling bullet barely misses the kobold.
The kobold hits you but does no damage.
You shoot a sling bullet. The sling bullet hits the kobold.
The sling bullet freezes the kobold.
You kill the kobold!
Trog accepts your kill.
Things that are here:
a +0 dagger; a kobold corpse No target in view!
No target in view!
You open the door.
There is an open door here.
An endoplasm comes into view.
An endoplasm is nearby!
An endoplasm is nearby!
Are you sure you want to abandon this character and quit the game? (Confirm with "yes".)
Okay, then.
Are you sure you want to abandon this character and quit the game? (Confirm with "yes".)

#..# #............# #..#
####.#######.# #..# ##+# #.# ...#
##...# #.# ...## ##.....## #.###
.#..### #.......## #.#.##
......###.........###.)..########
........+.........'..............
##....###J......@.##........#####
##.#.# #.......####.#...[.# #
####.#####.$...## ###.##### #
#........##...# #.#
#.##.###.###+# #.# # #.# #†# #.#
#.# #.###.###.###### #.#
#..............# #.# #
#####.#......#.# #.# #


You could see an endoplasm (asleep).

Vanquished Creatures
  An adder (D:2)
  A dart slug (D:2)
  5 ball pythons
  4 endoplasms
  A giant cockroach (D:1)
  2 hobgoblins (D:1)
  2 bats (D:1)
  6 frilled lizards
  4 goblins
  4 kobolds
  8 rats
38 creatures vanquished.

Vanquished Creatures (others)
  A plant (D:1)
1 creature vanquished.

Grand Total: 39 creatures vanquished

Notes
Turn   | Place    | Note
-------+----------+-------------------------------------------
     0 | D:1      | NinjaNoafa the Draconian Berserker began the quest for the
                  | Orb.
     0 | D:1      | Reached XP level 1. HP: 19/19 MP: 1/1
    26 | D:1      | Found Woest's Jewellery Boutique.
   329 | D:1      | Found Melirph's Armour Shop.
   383 | D:1      | Reached XP level 2. HP: 26/26 MP: 2/2
   965 | D:1      | Reached skill level 1 in Shields
  1147 | D:2      | Found a faded altar of an unknown god.
  1227 | D:2      | Reached XP level 3. HP: 22/33 MP: 3/3
  1339 | D:2      | Reached ** piety under Trog
  1566 | D:2      | Identified the +4 hunting sling "Qeasapuw" {freeze, Str+3}
  2039 | D:2      | Quit the game

Illustrated notes

Levels and vault maps discovered:
D:1:      saegor_arrival_simple_b, layout_loops_cross, serial_shops,
          nicolae_square_shop, nicolae_shop_trees, serial_bayou_pond_c,
          st_stairs_11
D:2:      layout_loops_corners, ebering_ecumenical_altar_webs,
          minmay_misc_feat_x

Skill      XL: |  1  2 |
---------------+-------+-----
Shields        | 1 |  1.6
Dodging        | 3 |  3.0
Fighting       | |  3.7
Axes           | |  3.4

Action                   || total
-------------------------++-------
Melee: Hand axe          ||    95
       Tailslap          ||    11
       Punch             ||     1
 Fire: Hunting sling     ||    12
 Stab: Sleeping          ||     1
Armor: Skin              ||    27
Dodge: Dodged            ||    67

Table legend: (Time is in decaauts)
 A = Elapsed time spent in this place.
 B = Non-inter-level travel time spent in this place.
 C = Inter-level travel time spent in this place.
 D = Time resting spent in this place.
 E = Time spent auto-exploring this place.
 F = Levels seen in this place.
 G = Mean time per level.
                   A        B        C        D        E       F      G
               +--------+--------+--------+--------+--------+-----+--------+
         Total |   2065 |   2014 |     51 |      0 |   1685 |   2 | 1032.5 |
       Dungeon |   2065 |   2014 |     51 |      0 |   1685 |   2 | 1032.5 |
               +--------+--------+--------+--------+--------+-----+--------+

Top non-repeatable levels by time:
     D:1: 1104 daAuts
     D:2: 961 daAuts
